AoeStats
← jake

Arabia

509839057Analyzed
1v1 RM · 3d ago on Sep 28, 2026· 59m 27s· 2 players
Game mode
Random Map
Map size
Tiny (2 player)
Population
200
Speed
Normal
Resources
Standard
Victory
Conquest
Starting age
Dark Age
Ending age
Imperial Age
RankedLock teamsTeams togetherTeam positionsShared explorationLock speedFull tech treeHidden civsTurbo modeCheats
Victory
Defeat
🇦🇺 Burgundians · Australia
1053
+14
🇵🇱 Vikings · Poland
1015
-14
Rider Wolves
10:41 Feudal Age
9:47 Loom
11:07 Double-Bit Axe
13:33 Man-at-Arms
14:42 Horse Collar
23:06 Castle Age
21:55 Arson
22:21 Scale Mail Armor
22:33 Forging
25:09 Chain Mail Armor
25:43 Gold Mining
27:45 Iron Casting
29:21 Town Watch
33:03 Heavy Plow
38:39 Imperial Age
43:03 Plate Mail Armor
45:14 Elite Varangian Guard
48:56 Blast Furnace
50:10 Gold Shaft Mining
49:28 Stone Mining
49:57 Chieftains
54:16 Chemistry
jake
8:10 Loom
10:04 Feudal Age
11:17 Double-Bit Axe
13:01 Bow Saw
14:06 Town Watch
22:01 Castle Age
19:57 Horse Collar
21:03 Scale Barding Armor
21:01 Heavy Plow
22:41 Forging
22:08 Light Cavalry
24:03 Cavalier
25:20 Chain Barding Armor
26:00 Iron Casting
28:10 Wheelbarrow
33:13 Two-Man Saw
34:10 Fletching
37:51 Burgundian Vineyards
38:04 Guard Tower
38:12 Bodkin Arrow
44:10 Imperial Age
44:04 Ballistics
44:31 Padded Archer Armor
45:57 Chemistry
45:24 Bracer
45:39 Leather Archer Armor
49:44 Plate Barding Armor
48:34 Hussar
50:43 Crop Rotation
50:30 Hand Cart
50:15 Town Patrol
53:32 Keep
56:28 Conscription
56:47 Scale Mail Armor
57:48 Blast Furnace
58:38 Murder Holes
58:29 Arrowslits
Connection lost

Rejoining the realm…

Still unreachable

The connection could not be restored.

Session expired

The server has moved on; the page needs a fresh start.